 Dungeon Crawl Stone Soup version 0.31.0-11-ge490571c62 (webtiles) character file.

Game seed: 14861765597957756417

121 bearlyready the Vexing (level 5, -11/40 HPs)
             Began as a Gnoll Hexslinger on Feb 9, 2024.
             Mangled by a sleepcap (15 damage)
             ... on level 4 of the Dungeon.
             The game lasted 00:02:51 (1141 turns).

bearlyready the Vexing (Gnoll Hexslinger)           Turns: 1141, Time: 00:02:51

Health: -11/40     AC:  8    Str:  8    XL:     5   Next: 5%
Magic:  9/9        EV:  2    Int: 12    God:
Gold:   47         SH:  0    Dex: 16    Spells: 8/10 levels left

rFire   . . .        b - +3 dagger
rCold   + . .        (no shield)
rNeg    . . .        k - +2 scale mail {rC+}
rPois   .            (no helmet)
rElec   .            (no cloak)
rCorr   .            (no gloves)
SInv    .            (no boots)
Will    .....        (no amulet)
Stlth   +            (no ring)
HPRegen 0.26/turn    (no ring)
MPRegen 0.11/turn

%: no passive effects
@: sleeping
A: fangs 1, strong nose, distributed training
a: no special abilities


You were on level 4 of the Dungeon.
You visited 1 branch of the dungeon, and saw 3 of its levels.

You collected 77 gold pieces.
You spent 30 gold pieces at shops.

Inventory:

Hand Weapons
 a - a +1 sling
 b - a +3 dagger (weapon)
Missiles
 g - 15 stones
Armour
 k - a +2 scale mail of cold resistance (worn)
Scrolls
 f - 2 scrolls of teleportation
 h - a scroll of amnesia {unknown}
 i - a scroll of poison
Potions
 c - a potion of attraction {unknown}
 d - a potion of curing {unknown}
 j - a potion of haste {unknown}


   Skills:
 + Level 2.9 Fighting
 + Level 1.4 Short Blades
 + Level 1.4 Long Blades
 + Level 1.4 Axes
 + Level 1.4 Maces & Flails
 + Level 1.4 Polearms
 + Level 1.4 Staves
 + Level 4.7 Ranged Weapons
 + Level 1.4 Throwing
 + Level 1.4 Armour
 + Level 4.7 Dodging
 + Level 1.4 Stealth
 + Level 1.4 Shields
 + Level 1.4 Unarmed Combat
 + Level 3.1 Spellcasting
 + Level 1.1 Conjurations
 + Level 5.5 Hexes
 + Level 1.1 Summonings
 + Level 1.1 Necromancy
 + Level 1.1 Translocations
 + Level 2.3 Fire Magic
 + Level 1.1 Ice Magic
 + Level 1.1 Air Magic
 + Level 1.1 Earth Magic
 + Level 1.1 Alchemy
 + Level 1.5 Invocations
 + Level 1.4 Evocations
 + Level 1.2 Shapeshifting


You had 8 spell levels left.
You knew the following spells:

 Your Spells              Type           Power      Damage    Failure   Level
a - Jinxbite              Hex            30%        N/A       36%         2

Your spell library contained the following spells:

 Spells                   Type           Power      Damage    Failure   Level
 Sigil of Binding         Hex            15%        N/A       58%         3
 Inner Flame              Hex/Fire       11%        N/A       80%         3
 Dazzling Flash           Conj/Hex       18%        N/A       87%         3
 Cause Fear               Hex            7%         N/A       94%         4
 Volatile Blastmotes      Fire/Tloc      12%        2d11      98%         3
 Dimensional Bullseye     Hex/Tloc       4%         N/A       99%         4
 Starburst                Conj/Fire      3%         6d3       100%        6
 Maxwell's Capacitive Co  Air            2%         ∞         100%        8


Dungeon Overview and Level Annotations

Branches:
Dungeon (2/15)

Altars:

Shops:
D:1 ?

Annotations:
D:4 Eustachio


Innate Abilities, Weirdness & Mutations

You have very sharp teeth.
Your uncanny sense of smell can sniff out nearby items.
Your experience applies equally to all skills.


Message History

You hit the sleepcap.
You bite the sleepcap, but do no damage.
The sleepcap is severely damaged.
The sleepcap releases spores at you.
You are engulfed in a cloud of soporific spores!
You are unaffected.
You completely miss the sleepcap.
The sleepcap is severely damaged.
The sleepcap closely misses you.
You hit the sleepcap but do no damage.
The sleepcap is severely damaged.
The sleepcap completely misses you.
You hit the sleepcap but do no damage.
The sleepcap is severely damaged.
You hit the sleepcap but do no damage.
You punch the sleepcap, but do no damage.
The sleepcap is severely damaged.
The sleepcap releases spores at you.
* * * LOW HITPOINT WARNING * * *
You hit the sleepcap.
The sleepcap is almost destroyed.
The sleepcap barely misses you.
You completely miss the sleepcap.
The sleepcap is almost destroyed.
The sleepcap releases spores at you but does no damage.
You hit the sleepcap.
The sleepcap is almost destroyed.
The sleepcap closely misses you.
You hit the sleepcap.
You punch the sleepcap, but do no damage.
The sleepcap is almost destroyed.
The sleepcap releases spores at you but does no damage.
You hit the sleepcap but do no damage.
The sleepcap is almost destroyed.
The sleepcap releases spores at you.
* * * LOW HITPOINT WARNING * * *
You are engulfed in a cloud of soporific spores!
You fall asleep.
The sleepcap releases spores at you!
You die...

............#....#.......+.
###.##..###.###..#.......##
#..#######..#.....###
#...........+.....#
#...........#.....#
#...##..#####.....#
###'############+##..
#.............. ..
#......@....... ...
########f##+#######...
.................#
.................#
.................+
...)......)...)..#
.######'#.........
#...#.........
#...#.........


You could see a sleepcap.

Vanquished Creatures
  A howler monkey (D:4)
  A jelly (D:4)
  2 adders (D:2)
  2 dart slugs
  A ribbon worm (D:2)
  3 endoplasms
  3 goblins
  3 hobgoblins
  5 kobolds
  A quokka (D:2)
  3 ball pythons
  2 bats (D:1)
  A frilled lizard (D:2)
  2 rats (D:2)
30 creatures vanquished.

Notes
Turn   | Place    | Note
-------+----------+-------------------------------------------
     0 | D:1      | bearlyready the Gnoll Hexslinger began the quest for the
                  | Orb.
     0 | D:1      | Reached XP level 1. HP: 17/17 MP: 4/4
   246 | D:1      | Found a faded altar of an unknown god.
   261 | D:1      | Found Ogapt's Magic Scroll Boutique.
   269 | D:1      | Bought a scroll of teleportation for 30 gold pieces
   291 | D:1      | Reached XP level 2. HP: 23/23 MP: 5/5
   750 | D:2      | Reached XP level 3. HP: 28/28 MP: 7/7
   753 | D:2      | Learned a level 2 spell: Jinxbite
   845 | D:2      | Reached skill level 1 in Invocations
   849 | D:2      | Reached skill level 1 in Short Blades
   849 | D:2      | Reached skill level 1 in Long Blades
   849 | D:2      | Reached skill level 1 in Axes
   849 | D:2      | Reached skill level 1 in Maces & Flails
   849 | D:2      | Reached skill level 1 in Polearms
   849 | D:2      | Reached skill level 1 in Staves
   849 | D:2      | Reached skill level 1 in Throwing
   849 | D:2      | Reached skill level 1 in Armour
   849 | D:2      | Reached skill level 1 in Stealth
   849 | D:2      | Reached skill level 1 in Shields
   849 | D:2      | Reached skill level 1 in Unarmed Combat
   849 | D:2      | Reached skill level 1 in Evocations
   932 | D:2      | You fall into a shaft and drop 2 floors!
   968 | D:4      | Reached skill level 1 in Conjurations
   968 | D:4      | Reached skill level 1 in Summonings
   968 | D:4      | Reached skill level 1 in Necromancy
   968 | D:4      | Reached skill level 1 in Translocations
   968 | D:4      | Reached skill level 1 in Ice Magic
   968 | D:4      | Reached skill level 1 in Air Magic
   968 | D:4      | Reached skill level 1 in Earth Magic
   968 | D:4      | Reached skill level 1 in Alchemy
   968 | D:4      | Reached skill level 1 in Shapeshifting
   968 | D:4      | Reached XP level 4. HP: 34/34 MP: 5/8
   973 | D:4      | Noticed Eustachio
  1044 | D:4      | Reached XP level 5. HP: 40/40 MP: 6/9
  1141 | D:4      | Mangled by a sleepcap

Illustrated notes

Levels and vault maps discovered:
D:1:      dpeg_arrival_pits, layout_loops_ring,
          chequers_ecumenical_altar_simple, serial_shops, shop_statue
D:2:      layout_rooms, serial_curves, eino_curves_03, eino_curves_01,
          uniq_jessica
D:4:      layout_gridville, uniq_eustachio

Skill      XL: |  1  2  3 |
---------------+----------+-----
Fire Magic     | 2 |  2.3
Invocations    | 1 |  1.5
Short Blades   | 1 |  1.4
Long Blades    | 1 |  1.4
Axes           | 1 |  1.4
Maces & Flails | 1 |  1.4
Polearms       | 1 |  1.4
Staves         | 1 |  1.4
Throwing       | 1 |  1.4
Armour         | 1 |  1.4
Stealth        | 1 |  1.4
Shields        | 1 |  1.4
Unarmed Combat | 1 |  1.4
Evocations     | 1 |  1.4
Spellcasting   | 3 |  3.1
Conjurations   | 1 |  1.1
Summonings     | 1 |  1.1
Necromancy     | 1 |  1.1
Translocations | 1 |  1.1
Ice Magic      | 1 |  1.1
Air Magic      | 1 |  1.1
Earth Magic    | 1 |  1.1
Alchemy        | 1 |  1.1
Shapeshifting  | 1 |  1.2
Fighting       | |  2.9
Ranged Weapons | |  4.7
Dodging        | |  4.7
Hexes          | |  5.5

Action                     |  1- 3 |  4- 6 || total
---------------------------+-------+-------++-------
  Melee: Dagger            |       |    19 ||    19
         Punch             |       |     3 ||     3
         Bite              |       |     3 ||     3
   Fire: Sling             |    75 |    10 ||    85
   Cast: Jinxbite          |     5 |     2 ||     7
    Use: Scroll            |       |     1 ||     1
 Armour: Ring mail         |    17 |     3 ||    20
         Scale mail        |       |    15 ||    15
  Dodge: Dodged            |    22 |    13 ||    35
